2047 views
Uploaded 2022-08-29 00:08:33
Game version 1.33
42:21 long 3on3 ladder game on (6)StranglethornVale
Saved by Cabeelibob
2047 views
Uploaded 2022-08-29 00:08:33
Game version 1.33
42:21 long 3on3 ladder game on (6)StranglethornVale


123 units @ 12.9k
/ 2k
132 buildings @ 10k
/ 4.6k



| Peasant | 21 | 1575 | / | 0 |
| Mortar Team | 2 | 360 | / | 140 |
| Flying Machine | 33 | 3300 | / | 990 |
| Dragonhawk Rider | 6 | 1200 | / | 180 |
| total: | 62 | 6435g | / | 1310w |
| Scout Tower | 8 | 240 | / | 160 |
| Arcane Tower | 2 | 140 | / | 100 |
| Guard Tower | 4 | 280 | / | 200 |
| Altar of Kings | 2 | 360 | / | 100 |
| Farm | 15 | 1200 | / | 300 |
| Lumber Mill | 2 | 240 | / | 0 |
| Town Hall | 2 | 770 | / | 410 |
| Blacksmith | 1 | 140 | / | 60 |
| Arcane Vault | 2 | 260 | / | 60 |
| Barracks | 1 | 160 | / | 60 |
| Workshop | 3 | 420 | / | 420 |
| Gryphon Aviary | 1 | 140 | / | 150 |
| Keep | 1 | 320 | / | 210 |
| Castle | 1 | 360 | / | 210 |
| total: | 37 | 3930g | / | 1720w |
| 0:01 | Peasant |
| 0:02 | Peasant |
| 0:17 | Altar of Kings |
| 0:18 | Peasant |
| 0:29 | Peasant |
| 0:33 | Farm |
| 0:35 | Peasant |
| 0:47 | Peasant |
| 0:55 | Peasant |
| 1:01 | Farm |
| 1:04 | Lumber Mill |
| 1:07 | Peasant |
| 1:20 | Peasant |
| 1:24 | Scout Tower |
| 1:27 | Peasant |
| 1:38 | Farm |
| 1:39 | Peasant |
| 1:53 | Arcane Tower |
| 2:07 | Improved Lumber Harvesting |
| 2:13 | Scout Tower |
| 2:15 | Storm Bolt |
| 2:32 | Scout Tower |
| 2:34 | Peasant |
| 2:46 | Guard Tower |
| 2:54 | Peasant |
| 3:28 | Town Hall |
| 3:32 | Scout Tower |
| 3:57 | Peasant |
| 3:57 | Peasant |
| 4:14 | Peasant |
| 4:19 | Guard Tower |
| 4:38 | Scout Tower |
| 4:39 | Scout Tower |
| 4:43 | Scout Tower |
| 4:43 | Scout Tower |
| 5:10 | Peasant |
| 5:10 | Peasant |
| 5:10 | Peasant |
| 5:13 | Guard Tower |
| 5:16 | Peasant |
| 5:36 | Keep |
| 5:49 | Improved Masonry |
| 5:50 | Guard Tower |
| 5:51 | Peasant |
| 6:25 | Bash |
| 6:25 | Bash |
| 7:31 | Blacksmith |
| 8:04 | Arcane Tower |
| 8:07 | Castle |
| 8:11 | Arcane Vault |
| 8:15 | Advanced Lumber Harvesting |
| 8:15 | Advanced Masonry |
| 8:31 | Town Hall |
| 8:32 | Workshop |
| 8:34 | Workshop |
| 8:35 | Black Gunpowder |
| 9:01 | Holy Light |
| 9:39 | Flak Cannons |
| 9:39 | Flare |
| 9:41 | Farm |
| 9:41 | Farm |
| 9:42 | Farm |
| 9:43 | Farm |
| 9:44 | Refined Gunpowder |
| 10:14 | Farm |
| 10:16 | Farm |
| 10:16 | Farm |
| 10:26 | Mortar Team |
| 10:31 | Flying Machine Bombs |
| 10:47 | Imbued Masonry |
| 10:59 | Fragmentation Shards |
| 11:07 | Workshop |
| 11:11 | Farm |
| 11:12 | Farm |
| 11:14 | Farm |
| 11:35 | Imbued Gunpowder |
| 11:41 | Flying Machine |
| 11:41 | Flying Machine |
| 12:00 | Flying Machine |
| 12:01 | Flying Machine |
| 12:02 | Flying Machine |
| 12:24 | Flying Machine |
| 12:25 | Flying Machine |
| 12:40 | Iron Plating |
| 12:42 | Flying Machine |
| 12:43 | Flying Machine |
| 14:05 | Altar of Kings |
| 14:08 | Flying Machine |
| 14:08 | Flying Machine |
| 14:08 | Flying Machine |
| 14:08 | Flying Machine |
| 14:09 | Flying Machine |
| 14:44 | Flying Machine |
| 14:45 | Flying Machine |
| 14:45 | Flying Machine |
| 14:45 | Flying Machine |
| 14:45 | Flying Machine |
| 14:45 | Flying Machine |
| 14:45 | Flying Machine |
| 15:15 | Arcane Vault |
| 15:21 | Barracks |
| 15:22 | Lumber Mill |
| 16:11 | Mortar Team |
| 16:21 | Farm |
| 16:22 | Farm |
| 18:19 | Gryphon Aviary |
| 18:49 | Brilliance Aura |
| 19:03 | Steel Plating |
| 19:09 | Cloud |
| 19:09 | Dragonhawk Rider |
| 19:09 | Dragonhawk Rider |
| 21:29 | Divine Shield |
| 21:54 | Flying Machine |
| 21:55 | Flying Machine |
| 21:55 | Flying Machine |
| 21:56 | Flying Machine |
| 24:11 | Storm Bolt |
| 25:36 | Dragonhawk Rider |
| 25:37 | Dragonhawk Rider |
| 27:34 | Divine Shield |
| 32:47 | Flying Machine |
| 32:49 | Mithril Plating |
| 32:51 | Flying Machine |
| 32:51 | Flying Machine |
| 32:52 | Flying Machine |
| 32:52 | Flying Machine |
| 32:56 | Flying Machine |
| 32:56 | Flying Machine |
| 32:57 | Flying Machine |
| 35:50 | Holy Light |
| 37:46 | Dragonhawk Rider |
| 37:46 | Dragonhawk Rider |
| 38:11 | Blizzard |
| 38:14 | Bash |
| Right click | 1826 |
| Select group | 691 |
| Select | 499 |
| Use ability | 146 |
| Build/train/purchase | 144 |
| Misc. action | 125 |
| Assign group | 16 |
| Esc | 10 |
| Resource trade | 10 |
| Minimap ping | 7 |
| Remove unit | 3 |
| Item give/drop | 2 |


| Peasant | 14 | 1050 | / | 0 |
| Goblin Shredder | 1 | 375 | / | 100 |
| total: | 15 | 1425g | / | 100w |
| Scout Tower | 65 | 1950 | / | 1300 |
| Arcane Tower | 6 | 420 | / | 300 |
| Guard Tower | 14 | 980 | / | 700 |
| Altar of Kings | 2 | 360 | / | 100 |
| Farm | 6 | 480 | / | 120 |
| Lumber Mill | 3 | 360 | / | 0 |
| Keep | 1 | 320 | / | 210 |
| total: | 76 | 3150g | / | 1520w |
| 0:02 | Peasant |
| 0:02 | Peasant |
| 0:06 | Altar of Kings |
| 0:11 | Farm |
| 0:15 | Farm |
| 0:29 | Peasant |
| 0:29 | Peasant |
| 0:44 | Peasant |
| 0:52 | Lumber Mill |
| 0:54 | Peasant |
| 1:16 | Farm |
| 1:18 | Peasant |
| 1:27 | Peasant |
| 1:27 | Peasant |
| 1:32 | Scout Tower |
| 1:57 | Peasant |
| 1:59 | Arcane Tower |
| 2:04 | Improved Lumber Harvesting |
| 2:26 | Peasant |
| 2:26 | Peasant |
| 2:26 | Peasant |
| 2:29 | Scout Tower |
| 2:41 | Storm Bolt |
| 3:09 | Scout Tower |
| 3:10 | Scout Tower |
| 3:10 | Scout Tower |
| 3:11 | Scout Tower |
| 3:12 | Scout Tower |
| 3:13 | Scout Tower |
| 3:13 | Scout Tower |
| 3:14 | Scout Tower |
| 3:15 | Scout Tower |
| 3:16 | Scout Tower |
| 3:16 | Scout Tower |
| 3:17 | Scout Tower |
| 3:18 | Scout Tower |
| 3:19 | Scout Tower |
| 3:19 | Scout Tower |
| 3:20 | Scout Tower |
| 3:24 | Peasant |
| 3:27 | Guard Tower |
| 3:30 | Improved Masonry |
| 3:39 | Scout Tower |
| 3:59 | Scout Tower |
| 4:03 | Keep |
| 4:08 | Scout Tower |
| 4:10 | Scout Tower |
| 4:11 | Scout Tower |
| 4:15 | Guard Tower |
| 4:29 | Guard Tower |
| 4:33 | Guard Tower |
| 4:41 | Scout Tower |
| 4:47 | Guard Tower |
| 4:49 | Guard Tower |
| 4:53 | Scout Tower |
| 4:56 | Scout Tower |
| 4:57 | Scout Tower |
| 5:00 | Scout Tower |
| 5:00 | Scout Tower |
| 5:01 | Scout Tower |
| 5:10 | Guard Tower |
| 5:21 | Arcane Tower |
| 5:24 | Arcane Tower |
| 5:25 | Guard Tower |
| 5:27 | Guard Tower |
| 5:34 | Lumber Mill |
| 5:39 | Lumber Mill |
| 6:17 | Goblin Shredder |
| 7:24 | Arcane Tower |
| 7:44 | Advanced Masonry |
| 8:04 | Holy Light |
| 8:17 | Imbued Masonry |
| 8:21 | Arcane Tower |
| 8:23 | Arcane Tower |
| 8:24 | Guard Tower |
| 8:26 | Guard Tower |
| 8:46 | Altar of Kings |
| 9:37 | Farm |
| 9:40 | Farm |
| 9:57 | Farm |
| 16:42 | Scout Tower |
| 16:43 | Scout Tower |
| 16:43 | Scout Tower |
| 16:45 | Scout Tower |
| 16:45 | Scout Tower |
| 16:46 | Scout Tower |
| 16:47 | Scout Tower |
| 16:49 | Scout Tower |
| 16:49 | Scout Tower |
| 16:50 | Scout Tower |
| 16:50 | Scout Tower |
| 16:51 | Scout Tower |
| 16:53 | Scout Tower |
| 16:54 | Scout Tower |
| 16:55 | Scout Tower |
| 19:16 | Guard Tower |
| 21:47 | Storm Bolt |
| 26:11 | Scout Tower |
| 26:12 | Scout Tower |
| 26:13 | Scout Tower |
| 26:13 | Scout Tower |
| 26:14 | Scout Tower |
| 26:14 | Scout Tower |
| 26:15 | Scout Tower |
| 26:17 | Scout Tower |
| 26:18 | Scout Tower |
| 29:08 | Guard Tower |
| 32:55 | Scout Tower |
| 32:55 | Scout Tower |
| 32:56 | Scout Tower |
| 32:57 | Scout Tower |
| 32:58 | Scout Tower |
| 33:00 | Scout Tower |
| 33:01 | Scout Tower |
| 33:01 | Scout Tower |
| 33:02 | Scout Tower |
| 33:03 | Scout Tower |
| 33:03 | Scout Tower |
| 33:50 | Guard Tower |
| 35:46 | Holy Light |
| 40:27 | Bash |
| Right click | 2350 |
| Select group | 1898 |
| Select | 425 |
| Build/train/purchase | 57 |
| Use ability | 52 |
| Resource trade | 30 |
| Assign group | 25 |
| Minimap ping | 21 |
| Misc. action | 2 |
| Remove unit | 1 |
| Esc | 1 |
Cabeelibob
(194)
(42:21) : 
| Healing Salve | 2 | 200 |
| Lesser Clarity Potion | 11 | 770 |
| Orb of Lightning | 1 | 375 |
| Tiny Great Hall | 3 | 1800 |
| Potion of Mana | 3 | 600 |
| Staff of Teleportation | 1 | 150 |
| Boots of Speed | 5 | 1250 |
| Orb of Fire | 1 | 325 |
| total: | 27 | 5470g |
| Peon | 32 | 2400 | / | 0 |
| Kodo Beast | 3 | 765 | / | 180 |
| Troll Witch Doctor | 5 | 725 | / | 125 |
| Troll Batrider | 5 | 800 | / | 200 |
| Goblin Shredder | 1 | 375 | / | 100 |
| total: | 46 | 5065g | / | 605w |
| Watch Tower | 9 | 990 | / | 720 |
| Altar of Storms | 2 | 360 | / | 100 |
| Orc Burrow | 2 | 320 | / | 80 |
| War Mill | 2 | 410 | / | 0 |
| Voodoo Lounge | 1 | 130 | / | 30 |
| Great Hall | 1 | 385 | / | 185 |
| Spirit Lodge | 1 | 150 | / | 150 |
| Beastiary | 1 | 145 | / | 140 |
| Stronghold | 1 | 315 | / | 190 |
| Fortress | 1 | 325 | / | 190 |
| total: | 19 | 2890g | / | 1405w |
| 0:03 | Altar of Storms |
| 0:07 | Orc Burrow |
| 0:08 | Peon |
| 0:24 | Peon |
| 0:38 | Peon |
| 0:57 | War Mill |
| 1:02 | Voodoo Lounge |
| 1:04 | Peon |
| 1:16 | Peon |
| 1:28 | Peon |
| 1:36 | Peon |
| 1:44 | Peon |
| 1:56 | Orc Burrow |
| 1:59 | Peon |
| 2:04 | Wind Walk |
| 2:18 | Peon |
| 3:01 | Watch Tower |
| 3:28 | Peon |
| 3:29 | Spiked Barricades |
| 3:42 | Staff of Teleportation |
| 3:43 | Boots of Speed |
| 4:15 | Stronghold |
| 5:54 | Critical Strike |
| 6:17 | Healing Salve |
| 6:17 | Lesser Clarity Potion |
| 7:14 | Fortress |
| 7:17 | Watch Tower |
| 7:18 | Watch Tower |
| 7:21 | Spirit Lodge |
| 7:23 | Beastiary |
| 7:29 | Reinforced Defenses |
| 7:33 | Lesser Clarity Potion |
| 8:24 | Watch Tower |
| 8:25 | Watch Tower |
| 8:25 | Watch Tower |
| 8:32 | Healing Salve |
| 8:34 | Lesser Clarity Potion |
| 8:50 | Witch Doctor Adept Training |
| 9:51 | War Drums Damage Increase |
| 9:52 | Liquid Fire |
| 9:57 | Orb of Lightning |
| 10:02 | Lesser Clarity Potion |
| 10:48 | Witch Doctor Master Training |
| 11:06 | Tiny Great Hall |
| 11:22 | Improved Spiked Barricades |
| 11:31 | Kodo Beast |
| 11:56 | Watch Tower |
| 11:56 | Watch Tower |
| 11:57 | Watch Tower |
| 12:02 | Peon |
| 12:21 | Goblin Shredder |
| 12:27 | Peon |
| 12:48 | Lesser Clarity Potion |
| 12:51 | Peon |
| 12:51 | Peon |
| 12:51 | Peon |
| 12:56 | Troll Witch Doctor |
| 14:11 | Critical Strike |
| 14:17 | Troll Witch Doctor |
| 14:17 | Troll Witch Doctor |
| 14:17 | Troll Witch Doctor |
| 14:24 | Lesser Clarity Potion |
| 14:56 | Kodo Beast |
| 17:33 | Kodo Beast |
| 18:25 | Great Hall |
| 18:40 | Potion of Mana |
| 20:29 | Orb of Fire |
| 21:58 | Lesser Clarity Potion |
| 22:21 | Tiny Great Hall |
| 22:44 | Peon |
| 22:44 | Peon |
| 22:44 | Peon |
| 22:45 | Peon |
| 22:45 | Peon |
| 23:24 | Wind Walk |
| 24:16 | Peon |
| 24:16 | Peon |
| 24:16 | Peon |
| 24:16 | Peon |
| 24:17 | Peon |
| 26:00 | Potion of Mana |
| 26:03 | Tiny Great Hall |
| 28:35 | Wind Walk |
| 28:56 | Troll Witch Doctor |
| 28:58 | Peon |
| 28:59 | Peon |
| 28:59 | Peon |
| 28:59 | Peon |
| 29:14 | Troll Batrider |
| 29:14 | Troll Batrider |
| 29:14 | Troll Batrider |
| 29:18 | Boots of Speed |
| 29:18 | Boots of Speed |
| 29:26 | Peon |
| 30:03 | Peon |
| 31:43 | Boots of Speed |
| 31:43 | Boots of Speed |
| 32:23 | Lesser Clarity Potion |
| 34:38 | Altar of Storms |
| 37:41 | Lesser Clarity Potion |
| 38:09 | Lesser Clarity Potion |
| 38:44 | Troll Batrider |
| 38:44 | Troll Batrider |
| 39:34 | Lesser Clarity Potion |
| 39:37 | Potion of Mana |
| 40:55 | War Mill |
| 42:02 | Bladestorm |
| Right click | 1696 |
| Select | 252 |
| Build/train/purchase | 196 |
| Misc. action | 165 |
| Select group | 140 |
| Resource trade | 123 |
| Use ability | 26 |
| Chat | 10 |
| Item give/drop | 8 |
| Remove unit | 5 |
| Minimap ping | 5 |
| Assign group | 3 |
| Esc | 2 |
143 units @ 20k
/ 3.5k
145 buildings @ 16.3k
/ 8.8k



x1)
| Scroll of Regeneration | 2 | 200 |
| Lesser Clarity Potion | 3 | 210 |
| Potion of Healing | 2 | 300 |
| Staff of Sanctuary | 2 | 500 |
| Potion of Mana | 1 | 200 |
| Scroll of Town Portal | 6 | 2100 |
| Tome of Retraining | 1 | 300 |
| Staff of Teleportation | 1 | 150 |
| Potion of Lesser Invulnerability | 1 | 150 |
| total: | 19 | 4110g |
| Peasant | 17 | 1275 | / | 0 |
| Footman | 6 | 810 | / | 0 |
| Priest | 2 | 270 | / | 20 |
| Spell Breaker | 2 | 430 | / | 60 |
| Siege Engine | 12 | 2340 | / | 720 |
| Dragonhawk Rider | 4 | 800 | / | 120 |
| Flying Machine | 12 | 1200 | / | 360 |
| Gryphon Rider | 2 | 560 | / | 140 |
| Troll Batrider | 1 | 160 | / | 40 |
| total: | 58 | 7845g | / | 1460w |
| Scout Tower | 26 | 780 | / | 520 |
| Arcane Tower | 3 | 210 | / | 150 |
| Guard Tower | 17 | 1190 | / | 850 |
| Altar of Kings | 1 | 180 | / | 50 |
| Farm | 12 | 960 | / | 240 |
| Barracks | 1 | 160 | / | 60 |
| Lumber Mill | 2 | 240 | / | 0 |
| Arcane Vault | 1 | 130 | / | 30 |
| Blacksmith | 1 | 140 | / | 60 |
| Town Hall | 3 | 1155 | / | 615 |
| Arcane Sanctum | 2 | 300 | / | 280 |
| Workshop | 4 | 560 | / | 560 |
| Gryphon Aviary | 2 | 280 | / | 300 |
| Keep | 1 | 320 | / | 210 |
| Castle | 1 | 360 | / | 210 |
| Great Hall | 1 | 385 | / | 185 |
| Beastiary | 1 | 145 | / | 140 |
| total: | 57 | 5415g | / | 3040w |
| 0:04 | Altar of Kings |
| 0:14 | Peasant |
| 0:14 | Peasant |
| 0:16 | Farm |
| 0:34 | Barracks |
| 0:38 | Peasant |
| 0:53 | Peasant |
| 0:56 | Farm |
| 1:21 | Peasant |
| 1:28 | Peasant |
| 1:35 | Footman |
| 1:50 | Peasant |
| 1:55 | Footman |
| 2:05 | Farm |
| 2:10 | Peasant |
| 2:16 | Summon Water Elemental |
| 2:22 | Footman |
| 2:44 | Footman |
| 2:45 | Peasant |
| 2:54 | Peasant |
| 2:55 | Footman |
| 2:57 | Farm |
| 3:32 | Lumber Mill |
| 3:45 | Keep |
| 3:47 | Farm |
| 3:54 | Footman |
| 3:58 | Brilliance Aura |
| 4:27 | Scout Tower |
| 4:31 | Lumber Mill |
| 4:40 | Scout Tower |
| 4:46 | Arcane Tower |
| 5:17 | Arcane Vault |
| 5:27 | Arcane Tower |
| 5:42 | Improved Lumber Harvesting |
| 6:26 | Summon Water Elemental |
| 6:28 | Arcane Sanctum |
| 6:32 | Arcane Sanctum |
| 6:38 | Scroll of Regeneration |
| 6:38 | Lesser Clarity Potion |
| 6:41 | Scroll of Regeneration |
| 7:09 | Peasant |
| 7:25 | Storm Bolt |
| 7:28 | Potion of Healing |
| 7:40 | Defend |
| 8:07 | Priest |
| 8:22 | Spell Breaker |
| 8:26 | Scout Tower |
| 8:28 | Improved Masonry |
| 8:29 | Advanced Lumber Harvesting |
| 8:56 | Guard Tower |
| 8:58 | Scout Tower |
| 8:59 | Scout Tower |
| 9:36 | Spell Breaker |
| 9:36 | Priest Adept Training |
| 9:37 | Castle |
| 9:45 | Guard Tower |
| 9:46 | Advanced Masonry |
| 9:48 | Blacksmith |
| 10:24 | Tome of Retraining |
| 10:24 | Retrain Hero |
| 10:33 | Blizzard |
| 10:34 | Brilliance Aura |
| 10:36 | Priest |
| 10:38 | Thunder Clap |
| 11:18 | Scout Tower |
| 11:20 | Workshop |
| 11:23 | Farm |
| 11:47 | Guard Tower |
| 11:53 | Workshop |
| 12:34 | Barrage |
| 12:34 | Siege Engine |
| 12:42 | Black Gunpowder |
| 13:03 | Holy Light |
| 14:09 | Scout Tower |
| 14:09 | Scout Tower |
| 14:09 | Scout Tower |
| 14:12 | Town Hall |
| 14:33 | Siege Engine |
| 14:37 | Farm |
| 14:38 | Farm |
| 14:41 | Guard Tower |
| 14:44 | Scout Tower |
| 14:51 | Priest Master Training |
| 14:59 | Scout Tower |
| 15:53 | Siege Engine |
| 16:25 | Siege Engine |
| 16:36 | Guard Tower |
| 16:37 | Peasant |
| 16:39 | Arcane Tower |
| 17:03 | Siege Engine |
| 17:38 | Siege Engine |
| 17:47 | Scout Tower |
| 18:01 | Scroll of Town Portal |
| 18:01 | Lesser Clarity Potion |
| 18:12 | Guard Tower |
| 18:13 | Scout Tower |
| 18:30 | Guard Tower |
| 18:40 | Workshop |
| 18:43 | Peasant |
| 18:44 | Peasant |
| 18:51 | Siege Engine |
| 19:07 | Imbued Masonry |
| 19:09 | Peasant |
| 19:37 | Staff of Sanctuary |
| 19:37 | Scroll of Town Portal |
| 19:58 | Scroll of Town Portal |
| 20:20 | Siege Engine |
| 20:41 | Siege Engine |
| 21:06 | Scroll of Town Portal |
| 21:18 | Siege Engine |
| 21:50 | Siege Engine |
| 22:21 | Farm |
| 22:22 | Farm |
| 22:28 | Iron Plating |
| 22:28 | Studded Leather Armor |
| 22:33 | Farm |
| 22:33 | Farm |
| 23:11 | Refined Gunpowder |
| 23:18 | Gryphon Aviary |
| 23:44 | Siege Engine |
| 24:11 | Animal War Training |
| 24:19 | Gryphon Aviary |
| 24:27 | Troll Batrider |
| 24:33 | Beastiary |
| 25:00 | Cloud |
| 25:19 | Dragonhawk Rider |
| 25:38 | Steel Plating |
| 25:44 | Dragonhawk Rider |
| 26:11 | Scout Tower |
| 26:11 | Scout Tower |
| 26:12 | Scout Tower |
| 26:34 | Dragonhawk Rider |
| 26:40 | Guard Tower |
| 26:55 | Scout Tower |
| 27:38 | Storm Hammers |
| 27:40 | Mithril Plating |
| 27:40 | Imbued Gunpowder |
| 28:12 | Brilliance Aura |
| 28:45 | Flak Cannons |
| 28:45 | Flying Machine |
| 28:45 | Flying Machine |
| 28:53 | Workshop |
| 29:13 | Scroll of Town Portal |
| 29:20 | Flying Machine |
| 29:35 | Guard Tower |
| 30:00 | Scout Tower |
| 30:18 | Guard Tower |
| 30:18 | Scout Tower |
| 30:53 | Flying Machine |
| 30:53 | Flying Machine |
| 31:13 | Scroll of Town Portal |
| 31:14 | Staff of Teleportation |
| 31:19 | Flying Machine |
| 31:22 | Guard Tower |
| 31:24 | Town Hall |
| 31:57 | Storm Bolt |
| 32:04 | Flying Machine |
| 32:09 | Scout Tower |
| 32:31 | Flying Machine |
| 32:46 | Flying Machine |
| 33:04 | Guard Tower |
| 33:05 | Scout Tower |
| 33:36 | Divine Shield |
| 34:35 | Flying Machine |
| 35:23 | Guard Tower |
| 35:24 | Peasant |
| 35:55 | Dragonhawk Rider |
| 35:56 | Gryphon Rider |
| 36:03 | Lesser Clarity Potion |
| 36:04 | Potion of Healing |
| 36:06 | Potion of Mana |
| 36:12 | Staff of Sanctuary |
| 36:18 | Scout Tower |
| 36:26 | Flying Machine Bombs |
| 36:52 | Potion of Lesser Invulnerability |
| 36:57 | Guard Tower |
| 36:57 | Scout Tower |
| 37:14 | Peasant |
| 37:36 | Great Hall |
| 37:46 | Guard Tower |
| 38:09 | Iron Forged Swords |
| 38:24 | Scout Tower |
| 38:25 | Scout Tower |
| 38:50 | Gryphon Rider |
| 39:32 | Flying Machine |
| 41:00 | Town Hall |
| 41:25 | Guard Tower |
| 41:37 | Flying Machine |
| 41:59 | Scout Tower |
| Right click | 1909 |
| Select group | 1345 |
| Select | 957 |
| Misc. action | 217 |
| Assign group | 208 |
| Build/train/purchase | 177 |
| Use ability | 125 |
| Minimap ping | 7 |
| Resource trade | 6 |
| Chat | 4 |
| Item give/drop | 3 |
| Esc | 2 |

| Healing Salve | 2 | 200 |
| Scroll of Speed | 1 | 50 |
| Boots of Speed | 1 | 250 |
| total: | 4 | 500g |
| Peon | 7 | 525 | / | 0 |
| Troll Headhunter | 8 | 1120 | / | 160 |
| total: | 15 | 1645g | / | 160w |
| Altar of Storms | 1 | 180 | / | 50 |
| Orc Burrow | 3 | 480 | / | 120 |
| War Mill | 1 | 205 | / | 0 |
| Barracks | 1 | 180 | / | 50 |
| Voodoo Lounge | 1 | 130 | / | 30 |
| Spirit Lodge | 1 | 150 | / | 150 |
| Stronghold | 1 | 315 | / | 190 |
| total: | 8 | 1325g | / | 400w |
| 0:03 | Peon |
| 0:03 | Peon |
| 0:20 | Altar of Storms |
| 0:32 | Peon |
| 0:34 | Orc Burrow |
| 0:42 | Peon |
| 0:52 | War Mill |
| 0:59 | Peon |
| 1:05 | Barracks |
| 1:14 | Peon |
| 1:28 | Peon |
| 1:49 | Orc Burrow |
| 2:06 | Troll Headhunter |
| 2:10 | Voodoo Lounge |
| 2:25 | Endurance Aura |
| 2:29 | Troll Headhunter |
| 2:45 | Troll Headhunter |
| 3:10 | Troll Headhunter |
| 3:21 | Stronghold |
| 4:06 | War Stomp |
| 4:09 | Troll Headhunter |
| 4:30 | Orc Burrow |
| 4:33 | Healing Salve |
| 4:33 | Healing Salve |
| 4:40 | Troll Headhunter |
| 4:45 | Scroll of Speed |
| 4:52 | Steel Ranged Weapons |
| 4:56 | Spiked Barricades |
| 5:03 | Troll Headhunter |
| 5:35 | Troll Headhunter |
| 5:49 | Boots of Speed |
| 5:58 | Spirit Lodge |
| Select group | 330 |
| Right click | 235 |
| Select | 122 |
| Assign group | 79 |
| Build/train/purchase | 27 |
| Use ability | 6 |
| Resource trade | 4 |
| Item give/drop | 1 |
| Remove unit | 1 |
Dek
(42:17) : 

| Lesser Clarity Potion | 5 | 350 |
| Scroll of Regeneration | 3 | 300 |
| Potion of Mana | 3 | 600 |
| Staff of Sanctuary | 1 | 250 |
| Potion of Lesser Invulnerability | 1 | 150 |
| Circlet of Nobility | 1 | 175 |
| Healing Salve | 2 | 200 |
| Scroll of Speed | 1 | 50 |
| total: | 17 | 2075g |
| Peasant | 18 | 1350 | / | 0 |
| Rifleman | 8 | 1640 | / | 240 |
| Mortar Team | 2 | 360 | / | 140 |
| Knight | 5 | 1225 | / | 300 |
| Siege Engine | 2 | 390 | / | 120 |
| Goblin Shredder | 1 | 375 | / | 100 |
| Troll Headhunter | 2 | 280 | / | 40 |
| Demolisher | 1 | 220 | / | 50 |
| Peon | 10 | 750 | / | 0 |
| Troll Batrider | 8 | 1280 | / | 320 |
| Kodo Beast | 7 | 1785 | / | 420 |
| Shaman | 2 | 260 | / | 40 |
| Troll Berserker | 3 | 420 | / | 60 |
| Troll Witch Doctor | 1 | 145 | / | 25 |
| total: | 70 | 10480g | / | 1855w |
| Scout Tower | 14 | 420 | / | 280 |
| Arcane Tower | 2 | 140 | / | 100 |
| Guard Tower | 10 | 700 | / | 500 |
| Altar of Kings | 1 | 180 | / | 50 |
| Farm | 9 | 720 | / | 180 |
| Blacksmith | 1 | 140 | / | 60 |
| Barracks | 2 | 320 | / | 120 |
| Lumber Mill | 1 | 120 | / | 0 |
| Town Hall | 3 | 1155 | / | 615 |
| Arcane Vault | 3 | 390 | / | 90 |
| Workshop | 4 | 560 | / | 560 |
| Keep | 2 | 640 | / | 420 |
| Castle | 2 | 720 | / | 420 |
| Watch Tower | 27 | 2970 | / | 2160 |
| Barracks | 1 | 180 | / | 50 |
| Orc Burrow | 6 | 960 | / | 240 |
| Altar of Storms | 2 | 360 | / | 100 |
| Great Hall | 1 | 385 | / | 185 |
| Spirit Lodge | 1 | 150 | / | 150 |
| Beastiary | 4 | 580 | / | 560 |
| Stronghold | 2 | 630 | / | 380 |
| Fortress | 1 | 325 | / | 190 |
| total: | 80 | 9590g | / | 5400w |
| 0:02 | Peasant |
| 0:02 | Peasant |
| 0:02 | Peasant |
| 0:02 | Peasant |
| 0:02 | Peasant |
| 0:34 | Peasant |
| 0:50 | Altar of Kings |
| 1:00 | Peasant |
| 1:04 | Farm |
| 1:07 | Farm |
| 1:09 | Peasant |
| 1:19 | Blacksmith |
| 1:35 | Barracks |
| 1:46 | Farm |
| 1:48 | Farm |
| 2:00 | Peasant |
| 2:04 | Scout Tower |
| 2:27 | Peasant |
| 2:32 | Arcane Tower |
| 2:36 | Rifleman |
| 3:11 | Rifleman |
| 3:13 | Rifleman |
| 3:14 | Peasant |
| 3:39 | Rifleman |
| 3:44 | Lumber Mill |
| 4:01 | Thunder Clap |
| 4:29 | Town Hall |
| 4:38 | Arcane Vault |
| 4:42 | Scout Tower |
| 4:43 | Scout Tower |
| 4:43 | Scout Tower |
| 4:44 | Scout Tower |
| 5:00 | Farm |
| 5:37 | Storm Bolt |
| 5:53 | Arcane Tower |
| 6:00 | Goblin Shredder |
| 6:03 | Guard Tower |
| 6:05 | Guard Tower |
| 6:28 | Storm Bolt |
| 6:54 | Endurance Aura |
| 7:19 | Peasant |
| 7:21 | Fortress |
| 7:24 | Healing Salve |
| 7:24 | Lesser Clarity Potion |
| 7:25 | Scroll of Speed |
| 7:47 | Keep |
| 7:48 | Rifleman |
| 7:56 | Barracks |
| 8:02 | Troll Headhunter |
| 8:03 | Troll Regeneration |
| 8:03 | Troll Headhunter |
| 8:26 | Hex |
| 8:34 | Farm |
| 8:35 | Farm |
| 8:36 | Farm |
| 8:37 | Farm |
| 8:42 | Arcane Vault |
| 8:44 | Rifleman |
| 8:44 | Rifleman |
| 8:44 | Black Gunpowder |
| 8:45 | Studded Leather Armor |
| 8:57 | Barracks |
| 9:00 | Orc Burrow |
| 9:02 | Orc Burrow |
| 9:05 | Reinforced Defenses |
| 9:05 | Steel Ranged Weapons |
| 9:07 | Rifleman |
| 9:22 | Shaman Adept Training |
| 9:22 | Witch Doctor Adept Training |
| 9:24 | Spirit Lodge |
| 9:34 | Orc Burrow |
| 9:51 | Berserker Upgrade |
| 10:00 | Iron Plating |
| 10:02 | Improved Masonry |
| 10:09 | Castle |
| 10:13 | Workshop |
| 10:15 | Workshop |
| 10:18 | Workshop |
| 10:34 | Burning Oil |
| 10:34 | Demolisher |
| 10:43 | Shaman Master Training |
| 10:54 | Improved Lumber Harvesting |
| 10:57 | Peasant |
| 10:57 | Peasant |
| 10:57 | Peasant |
| 10:57 | Peasant |
| 11:10 | Scroll of Regeneration |
| 11:10 | Scroll of Regeneration |
| 11:11 | Lesser Clarity Potion |
| 11:11 | Lesser Clarity Potion |
| 11:11 | Potion of Mana |
| 11:11 | Potion of Mana |
| 11:14 | Holy Light |
| 11:43 | Thorium Ranged Weapons |
| 11:44 | Spiked Barricades |
| 11:48 | Peon |
| 11:48 | Peon |
| 11:48 | Peon |
| 11:48 | Peon |
| 11:48 | Peon |
| 12:23 | Watch Tower |
| 12:46 | Watch Tower |
| 12:58 | Flare |
| 12:58 | Fragmentation Shards |
| 12:59 | Mortar Team |
| 13:01 | Mortar Team |
| 13:47 | Animal War Training |
| 13:47 | Knight |
| 13:47 | Knight |
| 13:47 | Knight |
| 14:21 | Witch Doctor Master Training |
| 14:24 | Healing Salve |
| 14:28 | Lesser Clarity Potion |
| 15:02 | Barrage |
| 15:03 | Siege Engine |
| 15:39 | Healing Wave |
| 16:00 | Lesser Clarity Potion |
| 16:01 | Potion of Mana |
| 16:01 | Staff of Sanctuary |
| 16:03 | Scroll of Regeneration |
| 16:31 | Knight |
| 17:00 | Thunder Clap |
| 17:47 | Scout Tower |
| 17:50 | Scout Tower |
| 17:51 | Scout Tower |
| 17:54 | Siege Engine |
| 18:09 | Guard Tower |
| 18:11 | Scout Tower |
| 18:24 | Guard Tower |
| 18:26 | Guard Tower |
| 18:27 | Scout Tower |
| 18:28 | Scout Tower |
| 18:29 | Scout Tower |
| 18:29 | Scout Tower |
| 18:47 | Guard Tower |
| 19:09 | Guard Tower |
| 19:33 | Scout Tower |
| 19:59 | Watch Tower |
| 20:00 | Watch Tower |
| 20:01 | Watch Tower |
| 20:01 | Watch Tower |
| 20:04 | Watch Tower |
| 20:04 | Watch Tower |
| 20:05 | Watch Tower |
| 20:05 | Watch Tower |
| 20:16 | Peasant |
| 20:16 | Peasant |
| 20:30 | Beastiary |
| 20:33 | Peon |
| 20:34 | Peon |
| 20:34 | Peon |
| 20:34 | Peon |
| 20:34 | Peon |
| 20:38 | Beastiary |
| 20:45 | Town Hall |
| 20:48 | Guard Tower |
| 21:16 | Orc Burrow |
| 21:18 | Guard Tower |
| 21:21 | Guard Tower |
| 21:45 | Orc Burrow |
| 21:47 | Beastiary |
| 22:08 | Altar of Storms |
| 22:11 | Troll Batrider |
| 22:11 | Troll Batrider |
| 22:11 | Troll Batrider |
| 22:12 | Troll Batrider |
| 22:17 | Orc Burrow |
| 22:37 | Town Hall |
| 22:53 | Steel Armor |
| 23:06 | Troll Batrider |
| 23:06 | Troll Batrider |
| 23:42 | Troll Batrider |
| 23:42 | Troll Batrider |
| 24:33 | Beastiary |
| 25:30 | Kodo Beast |
| 25:30 | Kodo Beast |
| 25:30 | Kodo Beast |
| 25:30 | Kodo Beast |
| 25:30 | Kodo Beast |
| 25:51 | Keep |
| 26:05 | Shaman |
| 26:50 | Kodo Beast |
| 26:50 | Kodo Beast |
| 28:32 | Castle |
| 28:36 | Arcane Vault |
| 28:52 | Altar of Storms |
| 29:12 | Potion of Lesser Invulnerability |
| 29:12 | Circlet of Nobility |
| 29:36 | Advanced Masonry |
| 30:46 | Watch Tower |
| 30:47 | Watch Tower |
| 30:49 | Watch Tower |
| 30:50 | Watch Tower |
| 30:51 | Watch Tower |
| 30:53 | Watch Tower |
| 31:13 | Watch Tower |
| 31:15 | Watch Tower |
| 31:16 | Watch Tower |
| 31:17 | Watch Tower |
| 31:23 | Watch Tower |
| 31:24 | Watch Tower |
| 31:26 | Watch Tower |
| 31:32 | Watch Tower |
| 31:35 | Watch Tower |
| 31:42 | Watch Tower |
| 32:02 | Workshop |
| 32:18 | Watch Tower |
| 32:40 | Great Hall |
| 33:13 | Knight |
| 33:52 | Divine Shield |
| 35:36 | Stronghold |
| 36:55 | Troll Berserker |
| 36:55 | Troll Berserker |
| 37:10 | Troll Witch Doctor |
| 37:11 | Shaman |
| 38:57 | Troll Berserker |
| 41:43 | Stronghold |
| Right click | 2535 |
| Select | 903 |
| Select group | 376 |
| Build/train/purchase | 221 |
| Resource trade | 116 |
| Use ability | 85 |
| Minimap ping | 42 |
| Assign group | 25 |
| Item give/drop | 9 |
| Remove unit | 3 |
| Misc. action | 2 |